 Dungeon Crawl Stone Soup version 0.20.0-15-g7f486f2 (webtiles) character file.

28 mike2R the Caller (level 2, -4/15 HPs)
             Began as a Deep Elf Summoner on June 8, 2017.
             Slain by a worm (6 damage)
             ... on level 2 of the Dungeon on June 9, 2017.
             The game lasted 00:12:11 (1529 turns).

mike2R the Caller (Deep Elf Summoner)               Turns: 1529, Time: 00:12:12

Health: -4/15      AC:  4    Str:  5    XL:     2   Next: 96%
Magic:  3/8        EV: 12    Int: 19    God:
Gold:   80         SH:  0    Dex: 15    Spells: 5/8 levels left

rFire    + . .     SeeInvis .   a - +0 club
rCold    x . .     Gourm    .   (no shield)
rNeg     . . .     Faith    .   n - +0 leather armour
rPois    .         Spirit   .   (no helmet)
rElec    .         Reflect  .   (no cloak)
rCorr    .         Harm     .   d - +0 pair of gloves
MR       .....                  (no boots)
Stlth    ++........             (no amulet)
Regen    0.1/turn               q - ring of fire
MPRegen  0.2/turn               (no ring)

@: invisible
A: no striking features
a: no special abilities


You were on level 2 of the Dungeon.
You were not hungry.

You visited 1 branch of the dungeon, and saw 2 of its levels.

You collected 80 gold pieces.

Inventory:

Hand Weapons
 a - a +0 club (weapon)
 b - a +0 hunting sling
Missiles
 e - 10 stones (quivered)
 k - 10 sling bullets
Armour
 d - a +0 pair of gloves (worn)
 n - a +0 leather armour (worn)
Jewellery
 q - a ring of fire (left hand)
 s - an uncursed amulet of regeneration {unknown}
Scrolls
 o - a scroll of teleportation {unknown}
Potions
 i - a potion of magic
 l - a potion of curing {unknown}
 m - 2 potions of agility {unknown}
 r - a potion of haste {unknown}
Books
 g - a book of Callings

   Spells                             Type                      Level
   a - Summon Small Mammal            Summoning                    1
   b - Call Imp                       Summoning                    2
   c - Call Canine Familiar           Summoning                    3
   d - Summon Guardian Golem          Hexes/Summoning              3
   e - Summon Lightning Spire         Summoning/Air                4
   f - Summon Ice Beast               Ice/Summoning                4
Comestibles
 c - a bread ration
 f - a royal jelly
 h - a chunk of flesh
 p - a meat ration


   Skills:
 + Level 0.4 Slings
 - Level 2.4 Dodging
 - Level 2.4 Stealth
 + Level 3.6 Spellcasting
 * Level 5.0 Summonings


You had 5 spell levels left.
You knew the following spells:

 Your Spells              Type           Power        Failure   Level  Hunger
a - Summon Small Mammal   Summ           ###.         3%          1    None
b - Call Imp              Summ           ###.....     4%          2    ##.....


Dungeon Overview and Level Annotations

Branches:
Dungeon (2/15)

Altars:
Trog


Message History

You closely miss the rat. The rat closely misses you.
The worm barely misses your white imp.
The moth of wrath goads the rat on!
The rat goes berserk!
The worm bites you but does no damage. The rat misses you.
The rat closely misses you. The worm bites your white imp!
Your white imp dies!
You hit the rat.
The rat is moderately wounded.
The rat bites you but does no damage. The rat misses you. The worm bites you.
The rat closely misses you.
Your crimson imp hits the worm.
The worm closely misses your quokka. The rat bites you but does no damage.
The rat misses you.
Your crimson imp completely misses the worm.
The rat bites you.
The rat bites you but does no damage. x2
The rat bites you. The worm closely misses your bat.
Okay, then.
You fade into invisibility!
The rat bites you.
* * * LOW HITPOINT WARNING * * *
The rat misses you. The worm bites you.
You die...

###### #....### #.##...##
####.####..##
##.......##..#
#....wwr..##.#
#..(.5rb@r..#.###
#..(.###....#...######
#..(##y##...#.#......#
#..(.###....#..#####..###
##.........###.5.# #....
#...._...)# ###># #...
##.).r.).## #.## #..
###)..### #..## #.. ##..#
#..


You could see a moth of wrath, 2 worms, 3 rats, a friendly crimson imp, a
friendly quokka and a friendly bat.

Vanquished Creatures
  2 goblins
  2 kobolds (D:2)
  5 bats
  3 frilled lizards (D:1)
  A rat (D:2)
13 creatures vanquished.

Vanquished Creatures (collateral kills)
  A dart slug (D:2)
  A leopard gecko (D:1)
  3 giant cockroaches
  3 goblins
  3 hobgoblins
  A ball python (D:2)
  3 frilled lizards (D:1)
  2 kobolds
  2 rats
19 creatures vanquished.

Grand Total: 32 creatures vanquished

Notes
Turn   | Place    | Note
-------+----------+-------------------------------------------
     0 | D:1      | mike2R the Deep Elf Summoner began the quest for the Orb.
     0 | D:1      | Reached XP level 1. HP: 10/10 MP: 6/6
   346 | D:1      | Reached XP level 2. HP: 15/15 MP: 5/8
   350 | D:1      | Learned a level 2 spell: Call Imp
  1057 | D:2      | Upgraded the game from 0.20.0-14-g326068f to 0.20.0-15-g7f486f2
  1235 | D:2      | Reached skill level 5 in Summonings
  1498 | D:2      | Noticed a moth of wrath
  1501 | D:2      | Found a bloodstained altar of Trog.
  1529 | D:2      | Slain by a worm

Skill      XL: |  1  2 |
---------------+-------+-----
Summonings     | 5 |  5.0
Slings         | |  0.4
Dodging        | |  2.4
Stealth        | |  2.4
Spellcasting   | |  3.6

Action                   || total
-------------------------++-------
Melee: Club              ||     7
 Fire: Hunting sling     ||    51
 Cast: Summon Small Mamm ||    33
       Call Imp          ||    12
  Use: Scroll            ||     3
       Potion            ||     1
  Eat: Chunk             ||     2
Armor: Robe              ||     7
       Leather armour    ||    10
Dodge: Dodged            ||    25
